Canucks vs RedWings

Created - Monday, December 28, 2015 at 23:21

Goals
1 2 3 OT1 SO T
Canucks 2 2 0 0 1 4
RedWings 3 1 0 0 2 5
Shots
1 2 3 OT1 SO T
Canucks 15 7 8 0 8 30
RedWings 15 10 6 2 8 33

1st period

1. RedWings , Milan Michalek 10 (Shawn Horcoff, Shane Doan) at 0:20
2. Canucks , Andrei Markov 7 (Jack Johnson, Pavel Datsyuk) at 5:34 (PP)
3. Canucks , Derick Brassard 7 (Pavel Datsyuk, Joel Ward) at 5:57 (PP)
4. RedWings , Martin Erat 6 (Patrick Sharp, John-Michael Liles) at 9:36 (PP)
5. RedWings , Shane Doan 10 (Shawn Horcoff) at 14:18 (PP)

Penalties :
Steve Downie (Det) for Hooking (Minor) at 4:29, Jonas Hiller (Det) for Delaying the game (Minor) at 5:20 - Shane Doan served the penalty, Pavel Datsyuk (Van) for Hooking (Minor) at 9:15, Jack Johnson (Van) for Charging (Minor) at 13:45, Steve Downie (Det) for Slashing (Minor) at 17:44

2nd period

6. Canucks , Nazem Kadri 14 (Clarke MacArthur, Brendan Gallagher) at 5:26 (PP)
7. Canucks , Nazem Kadri 15 (Brendan Gallagher, Andrei Markov) at 11:33 (PP)
8. RedWings , Mark Letestu 8 (Zbynek Michalek, Patrick Sharp) at 16:00 (PP)

Penalties :
Tomas Kopecky (Det) for Roughing (Minor) at 3:55, Martin Erat (Det) for Holding (Minor) at 5:50, Derick Brassard (Van) for Hooking (Minor) at 5:53, Martin Erat (Det) for Cross-checking (Minor) at 10:30, Martin Erat (Det) for Roughing (Minor) at 12:52, Justin Braun (Van) for Hooking (Minor) at 15:18

3rd period

No Goal

Penalties :
Pavel Datsyuk (Van) for Roughing (Minor) at 7:49, John-Michael Liles (Det) for Boarding (Minor) at 11:24, Peter Holland (Van) for Tripping (Minor) at 14:08

Overtime #1

No Goal

Penalties :
No Penalty

Shootout

Penalty Shot by Antoine Roussel for Canucks - Stopped by Jonas Hiller
Penalty Shot by Shane Doan for RedWings - Stopped by Ben Bishop
Penalty Shot by Derick Brassard for Canucks - Shot Misses the Net
Penalty Shot by Milan Michalek for RedWings - Shot Misses the Net
Penalty Shot by Nazem Kadri for Canucks - Stopped by Jonas Hiller
Penalty Shot by Patrick Sharp for RedWings - Stopped by Ben Bishop
Penalty Shot by Clarke MacArthur for Canucks - Stopped by Jonas Hiller
Penalty Shot by Shawn Horcoff for RedWings - Stopped by Ben Bishop
Penalty Shot by Joel Ward for Canucks - Shot Misses the Net
Penalty Shot by Martin Erat for RedWings - Stopped by Ben Bishop
Penalty Shot by Mats Zuccarello for Canucks - Stopped by Jonas Hiller
Penalty Shot by Devante Smith-Pelly for RedWings - Stopped by Ben Bishop
Penalty Shot by Andrei Markov for Canucks - Goal!
Penalty Shot by John-Michael Liles for RedWings - Goal!
Penalty Shot by Peter Holland for Canucks - Shot Hit the Post
Penalty Shot by Mark Letestu for RedWings - Goal!

Penalties :
No Penalty

Goalie Stats

Ben Bishop (Van), 29 saves from 33 shots - (0.879), OTL, 16-12-5, 65:00 minutes
Jonas Hiller (Det), 26 saves from 30 shots - (0.867), W, 12-14-3, 65:00 minutes

Players Stats for Canucks

Player Name              G  A  P  +/- PIM S  H  SB GA TA FO     MP     PP MP  PK MP  
------------------------------------------------------------------------------------
Adam Pardy               0  0  0   0  0   0  0  0  0  0  0/0     0:00   0:00   0:00 
Alexander Edler          0  0  0   0  0   0  0  0  1  0  0/0    22:03   2:43   3:17 
Andrei Markov            1  1  2  -1  0   3  4  2  1  3  0/0    29:12   7:18   2:20 
Antoine Roussel          0  0  0   0  0   1  2  0  0  0  0/3    11:41   0:00   2:49 
Brendan Gallagher        0  2  2   0  0   0  0  0  4  0  1/1    17:36   5:33   0:00 
Christopher Tanev        0  0  0   0  0   2  0  1  0  2  0/0    13:49   0:00   0:06 
Clarke MacArthur         0  1  1   0  0   0  1  0  1  0  0/0    20:32   5:33   0:43 
Derick Brassard          1  0  1  -1  2   1  2  0  1  0  2/2    23:46   4:27   4:20 
Jack Johnson             0  1  1  -1  2   1  3  4  1  2  0/0    29:05   7:18   2:14 
Jay Beagle               0  0  0   0  0   0  0  0  0  0  0/1     5:16   0:00   0:00 
Joakim Andersson         0  0  0   0  0   1  0  1  0  1  0/0    13:36   0:00   0:00 
Joel Ward                0  1  1  -1  0   1  0  0  1  0  0/0    14:07   4:28   0:00 
Justin Braun             0  0  0   0  2   1  2  1  2  0  0/0    13:42   0:00   0:00 
Mats Zuccarello          0  0  0   0  0   5  1  1  4  1  1/3    16:29   0:00   0:00 
Nazem Kadri              2  0  2   0  0   7  3  0  2  0  9/17   18:19   5:33   0:12 
Pavel Datsyuk            0  2  2  -1  4   4  1  0  3  0  14/23  24:24   4:28   2:33 
Peter Holland            0  0  0   0  2   1  2  1  3  0  7/12   16:32   0:00   0:37 
Willie Mitchell          0  0  0   0  0   2  0  3  0  1  0/0    22:03   2:43   3:17 

Players Stats for RedWings

Player Name              G  A  P  +/- PIM S  H  SB GA TA FO     MP     PP MP  PK MP  
------------------------------------------------------------------------------------
Aaron Ekblad             0  0  0   0  0   4  1  2  0  0  0/0    31:33   2:02   6:09 
Alexei Emelin            0  0  0   0  0   0  1  0  0  0  0/0     1:59   0:29   1:12 
Chris VandeVelde         0  0  0   0  0   0  2  0  1  0  0/5    14:17   0:00   2:45 
Devante Smith-Pelly      0  0  0   0  0   2  2  0  1  0  4/5    12:56   0:35   0:00 
Eric Gryba               0  0  0   0  0   1  2  3  0  3  0/0    24:35   2:28   7:28 
John-Michael Liles       0  1  1   0  2   1  1  2  0  2  0/0    29:32   3:06   4:50 
Mark Letestu             1  0  1   0  0   5  0  2  0  3  7/13   16:16   3:16   0:00 
Martin Erat              1  0  1   0  6   4  2  0  0  0  0/0    17:10   3:19   0:00 
Milan Michalek           1  0  1   1  0   3  0  1  4  1  0/0    24:07   1:56   7:49 
Nick Leddy               0  0  0   1  0   0  0  1  0  0  0/0     1:46   0:00   0:23 
Patrick Sharp            0  2  2   0  0   1  2  0  2  0  0/0    20:02   3:19   1:59 
Paul Postma              0  0  0   1  0   1  3  0  0  3  0/0    22:39   0:03   0:00 
Shane Doan               1  1  2   1  0   7  3  1  3  0  8/23   28:37   2:05   5:17 
Shawn Horcoff            0  2  2   1  0   1  0  0  2  0  9/13   14:47   2:21   1:59 
Steve Downie             0  0  0   0  4   0  4  0  0  0  0/2     8:38   0:00   0:00 
TJ Galiardi              0  0  0   0  0   0  0  0  0  0  0/0     9:13   0:00   0:00 
Tomas Kopecky            0  0  0   0  2   2  1  0  2  1  0/1    11:34   0:00   0:00 
Zbynek Michalek          0  1  1   0  0   1  1  3  0  3  0/0    17:53   3:06   0:00 

3 Stars

1 - Nazem Kadri (Van)
2 - Shane Doan (Det)
3 - Andrei Markov (Van)

Power Play

Canucks - 4 on 8 Attempt(s) - 50.00%
RedWings - 3 on 6 Attempt(s) - 50.00%

Penalty Kill

Canucks - 3 on 6 Attempt(s) - 50.00% - Score 0 goal in Penalty Kill
RedWings - 4 on 8 Attempt(s) - 50.00% - Score 0 goal in Penalty Kill

Team Stat

Canucks - Hits : 21 - Faceoff Wins : 34 - Blocked Shots : 14 - Penalty Minutes : 12
RedWings - Hits : 25 - Faceoff Wins : 28 - Blocked Shots : 15 - Penalty Minutes : 14

Official

Referees : Unknown
Linesman : Unknown

Game Notes

Nick Leddy is injured at 5:26 of 1st period (Bruised Right Leg)
Pavel Datsyuk is injured at 1:06 of 1st overtime period (Lower Body)

Finance

Level 1 -- Attendance: 4208 (70.13%) -- Ticket Income $420,800
Level 2 -- Attendance: 3517 (70.34%) -- Ticket Income $211,020
Level 3 -- Attendance: 1320 (66.00%) -- Ticket Income $46,200
Level 4 -- Attendance: 3185 (79.63%) -- Ticket Income $63,700
Luxury Box -- Attendance: 1000 (100.00%) -- Ticket Income $170,000
Game was played at the Joe Louis Arena.
Total Attendance: 13230 (73.50%)
Total Ticket Income: $911,720
Other Income: $446,743
Total Income: $1,358,463

Canucks

5 vs 5 Forward 
   Center                   Left Wing                Right Wing               Time % Phy DF OF 
 1 Pavel Datsyuk            Derick Brassard          Joel Ward                35     1   1  3  
 2 Nazem Kadri              Clarke MacArthur         Brendan Gallagher        30     1   2  2  
 3 Peter Holland            Mats Zuccarello          Joakim Andersson         22     1   3  1  
 4 Pavel Datsyuk            Antoine Roussel          Jay Beagle               13     2   2  1  

5 vs 5 Defense 
   Defense                  Defense                                           Time % Phy DF OF 
 1 Jack Johnson             Andrei Markov                                     35     1   3  1  
 2 Alexander Edler          Willie Mitchell                                   30     1   3  1  
 3 Justin Braun             Christopher Tanev                                 22     1   3  1  
 4 Jack Johnson             Andrei Markov                                     13     1   2  2  

PowerPlay Forward 
   Center                   Left Wing                Right Wing               Time % Phy DF OF 
 1 Pavel Datsyuk            Derick Brassard          Joel Ward                60     1   1  3  
 2 Nazem Kadri              Clarke MacArthur         Brendan Gallagher        40     1   1  3  

PowerPlay Defense
   Defense                  Defense                                           Time % Phy DF OF 
 1 Jack Johnson             Andrei Markov                                     60     1   2  2  
 2 Alexander Edler          Willie Mitchell                                   40     1   2  2  

Penalty Kill 4 Players Forward 
   Center                   Wing                     Time % Phy DF OF 
 1 Pavel Datsyuk            Derick Brassard          60     1   3  1  
 2 Nazem Kadri              Clarke MacArthur         40     1   3  1  

Penalty Kill 4 Players Defense
   Defense                  Defense                  Time % Phy DF OF 
 1 Jack Johnson             Andrei Markov            60     1   3  1  
 2 Alexander Edler          Willie Mitchell          40     1   3  1  

Penalty Kill - 3 Players Forward 
   Forward                                           Time % Phy DF OF 
 1 Pavel Datsyuk                                     60     1   4  0  
 2 Derick Brassard                                   40     1   4  0  

Penalty Kill - 3 Players Defense
   Defense                  Defense                  Time % Phy DF OF 
 1 Jack Johnson             Andrei Markov            60     1   4  0  
 2 Alexander Edler          Willie Mitchell          40     1   4  0  

4 vs 4 Forward 
   Center                   Wing                     Time % Phy DF OF 
 1 Pavel Datsyuk            Derick Brassard          60     1   2  2  
 2 Nazem Kadri              Clarke MacArthur         40     1   2  2  

4 vs 4 Defense
   Defense                  Defense                  Time % Phy DF OF 
 1 Jack Johnson             Andrei Markov            60     1   2  2  
 2 Alexander Edler          Willie Mitchell          40     1   2  2  

Last Minutes Offensive
   Center                   Left Wing                Right Wing               Defense                  Defense                  
   Pavel Datsyuk            Derick Brassard          Joel Ward                Jack Johnson             Andrei Markov            

Last Minutes Defensive
   Center                   Left Wing                Right Wing               Defense                  Defense                  
   Pavel Datsyuk            Derick Brassard          Joel Ward                Jack Johnson             Andrei Markov            

Goaltenders
Starting : Ben Bishop               
Backup : Mike McKenna             

Extra Forwards
Normal : Pavel Datsyuk, Mats Zuccarello, Antoine Roussel - PP : Pavel Datsyuk, Mats Zuccarello - PK : Antoine Roussel
Extra Defensemen
Normal : Justin Braun, Christopher Tanev, Alexander Edler - PP : Justin Braun - PK : Christopher Tanev, Alexander Edler
Penalty Shots
Pavel Datsyuk, Derick Brassard, Nazem Kadri, Clarke MacArthur, Joel Ward

RedWings

5 vs 5 Forward 
   Center                   Left Wing                Right Wing               Time % Phy DF OF 
 1 Shawn Horcoff            Shane Doan               Milan Michalek           35     0   2  3  
 2 Mark Letestu             Patrick Sharp            Martin Erat              25     0   2  3  
 3 Devante Smith-Pelly      Tomas Kopecky            Chris VandeVelde         20     0   3  2  
 4 Shane Doan               Steve Downie             TJ Galiardi              20     0   2  3  

5 vs 5 Defense 
   Defense                  Defense                                           Time % Phy DF OF 
 1 Paul Postma              Nick Leddy                                        35     0   3  2  
 2 Zbynek Michalek          John-Michael Liles                                30     0   3  2  
 3 Aaron Ekblad             Eric Gryba                                        22     0   3  2  
 4 John-Michael Liles       Zbynek Michalek                                   13     0   3  2  

PowerPlay Forward 
   Center                   Left Wing                Right Wing               Time % Phy DF OF 
 1 Shawn Horcoff            Shane Doan               Milan Michalek           60     0   2  3  
 2 Mark Letestu             Patrick Sharp            Martin Erat              40     0   2  3  

PowerPlay Defense
   Defense                  Defense                                           Time % Phy DF OF 
 1 Eric Gryba               Aaron Ekblad                                      60     0   2  3  
 2 Zbynek Michalek          John-Michael Liles                                40     0   2  3  

Penalty Kill 4 Players Forward 
   Center                   Wing                     Time % Phy DF OF 
 1 Shane Doan               Milan Michalek           60     1   4  0  
 2 Patrick Sharp            Shawn Horcoff            40     1   4  0  

Penalty Kill 4 Players Defense
   Defense                  Defense                  Time % Phy DF OF 
 1 Aaron Ekblad             Eric Gryba               60     1   4  0  
 2 Nick Leddy               John-Michael Liles       40     1   4  0  

Penalty Kill - 3 Players Forward 
   Forward                                           Time % Phy DF OF 
 1 Shane Doan                                        60     0   5  0  
 2 Milan Michalek                                    40     0   5  0  

Penalty Kill - 3 Players Defense
   Defense                  Defense                  Time % Phy DF OF 
 1 Nick Leddy               Aaron Ekblad             60     0   5  0  
 2 Eric Gryba               John-Michael Liles       40     0   5  0  

4 vs 4 Forward 
   Center                   Wing                     Time % Phy DF OF 
 1 Shane Doan               Milan Michalek           60     0   3  2  
 2 Patrick Sharp            Shawn Horcoff            40     0   3  2  

4 vs 4 Defense
   Defense                  Defense                  Time % Phy DF OF 
 1 Aaron Ekblad             Paul Postma              60     0   3  2  
 2 Eric Gryba               John-Michael Liles       40     0   3  2  

Last Minutes Offensive
   Center                   Left Wing                Right Wing               Defense                  Defense                  
   Shawn Horcoff            Shane Doan               Milan Michalek           Paul Postma              Nick Leddy               

Last Minutes Defensive
   Center                   Left Wing                Right Wing               Defense                  Defense                  
   Shawn Horcoff            Shane Doan               Milan Michalek           Paul Postma              Nick Leddy               

Goaltenders
Starting : Jonas Hiller             
Backup : Ben Scrivens             

Extra Forwards
Normal : Devante Smith-Pelly, Tomas Kopecky, Chris VandeVelde - PP : Devante Smith-Pelly, Tomas Kopecky - PK : Chris VandeVelde
Extra Defensemen
Normal : Aaron Ekblad, Eric Gryba, John-Michael Liles - PP : Aaron Ekblad - PK : Eric Gryba, Aaron Ekblad
Penalty Shots
Shane Doan, Milan Michalek, Patrick Sharp, Shawn Horcoff, Martin Erat

% Time on Ice - Canucks

Lines # - Real PCT - Wanted PCT - Time Play
Normal Forward
1 - 26% - 35% - 10:59
2 - 30% - 30% - 12:34
3 - 32% - 22% - 13:36
4 - 12% - 13% - 5:16
Normal Defense
1 - 31% - 35% - 13:18
2 - 31% - 30% - 13:08
3 - 32% - 22% - 13:43
4 - 5% - 13% - 2:16
PP Forward
1 - 45% - 60% - 4:29
2 - 55% - 40% - 5:33
PP Defense
1 - 73% - 60% - 7:19
2 - 27% - 40% - 2:43
PK Forward
1 - 96% - 60% - 5:25
2 - 4% - 40% - 0:12
PK Defense
1 - 42% - 60% - 2:20
2 - 58% - 40% - 3:17
PK3 Forward
1 - 0% - 60%
2 - 0% - 40%
PK3 Defense
1 - 0% - 60%
2 - 0% - 40%
44 Forward
1 - 100% - 60% - 6:56
2 - 0% - 40% - 0:00
44 Defense
1 - 58% - 60% - 4:01
2 - 42% - 40% - 2:55
Last Minute Offensive  - 0:00
Last Minute Defensive  - 0:00
Total
Forward - 65:00
Defense - 65:00

% Time on Ice - RedWings

Lines # - Real PCT - Wanted PCT - Time Play
Normal Forward
1 - 22% - 35% - 9:10
2 - 32% - 25% - 13:30
3 - 26% - 20% - 11:06
4 - 20% - 20% - 8:39
Normal Defense
1 - 47% - 35% - 19:51
2 - 29% - 30% - 12:18
3 - 18% - 22% - 7:27
4 - 7% - 13% - 2:49
PP Forward
1 - 41% - 60% - 2:18
2 - 59% - 40% - 3:19
PP Defense
1 - 45% - 60% - 2:31
2 - 55% - 40% - 3:06
PK Forward
1 - 80% - 60% - 7:49
2 - 20% - 40% - 1:59
PK Defense
1 - 30% - 60% - 2:59
2 - 70% - 40% - 6:49
PK3 Forward
1 - 100% - 60% - 0:14
2 - 0% - 40% - 0:00
PK3 Defense
1 - 100% - 60% - 0:14
2 - 0% - 40% - 0:00
44 Forward
1 - 82% - 60% - 5:42
2 - 18% - 40% - 1:14
44 Defense
1 - 62% - 60% - 4:18
2 - 38% - 40% - 2:38
Last Minute Offensive  - 0:00
Last Minute Defensive  - 0:00
Total
Forward - 65:00
Defense - 65:00

Play by Play

1st period


0:01 of 1st period - Shawn Horcoff wins face-off versus Pavel Datsyuk in neutral zone.
0:18 of 1st period - Slapshot by Shawn Horcoff.
0:18 of 1st period - Shot Blocked by Andrei Markov.
0:20 of 1st period - Snap shot by Milan Michalek.
0:20 of 1st period - Goal by Milan Michalek - Canucks : 0 - RedWings : 1.
0:21 of 1st period - Nazem Kadri wins face-off versus Mark Letestu in neutral zone.
0:28 of 1st period - John-Michael Liles is hit by Clarke MacArthur and loses puck.
0:45 of 1st period - Snap shot by Martin Erat.
0:45 of 1st period - Shot Misses the Net.
0:47 of 1st period - Slapshot by Martin Erat.
0:47 of 1st period - Shot Misses the Net.
0:49 of 1st period - Wrist shot by Martin Erat.
0:49 of 1st period - Deflect By Patrick Sharp.
0:49 of 1st period - Shot Misses the Net.
0:49 of 1st period - Puck is out of play.
0:50 of 1st period - Devante Smith-Pelly wins face-off versus Peter Holland in Canucks zone.
1:08 of 1st period - Slapshot by Eric Gryba.
1:08 of 1st period - Shot Blocked by Joakim Andersson.
1:10 of 1st period - Snap shot by Devante Smith-Pelly.
1:10 of 1st period - Shot Blocked by Christopher Tanev.
1:14 of 1st period - Snap shot by Devante Smith-Pelly.
1:14 of 1st period - Shot Hit the Post.
1:16 of 1st period - Slapshot by Tomas Kopecky.
1:16 of 1st period - Stopped by Ben Bishop with a rebound.
1:18 of 1st period - Snap shot by Tomas Kopecky.
1:18 of 1st period - Stopped by Ben Bishop with a rebound.
1:20 of 1st period - Slapshot by Aaron Ekblad.
1:20 of 1st period - Stopped by Ben Bishop with a rebound.
1:22 of 1st period - Snap shot by Aaron Ekblad.
1:22 of 1st period - Stopped by Ben Bishop without a rebound.
1:23 of 1st period - Pavel Datsyuk wins face-off versus Steve Downie in Canucks zone.
1:38 of 1st period - Jay Beagle is hit by Steve Downie.
1:50 of 1st period - Snap shot by Shane Doan.
1:50 of 1st period - Shot Misses the Net.
1:52 of 1st period - Slapshot by Zbynek Michalek.
1:52 of 1st period - Shot Blocked by Jack Johnson.
1:54 of 1st period - Slapshot by Zbynek Michalek.
1:54 of 1st period - Shot Misses the Net.
1:56 of 1st period - Slapshot by Zbynek Michalek.
1:56 of 1st period - Stopped by Ben Bishop without a rebound.
1:57 of 1st period - Mark Letestu wins face-off versus Nazem Kadri in Canucks zone.
2:02 of 1st period - Snap shot by Martin Erat.
2:02 of 1st period - Stopped by Ben Bishop with a rebound.
2:58 of 1st period - Slapshot by Pavel Datsyuk.
2:58 of 1st period - Stopped by Jonas Hiller without a rebound.
2:59 of 1st period - Peter Holland wins face-off versus Shawn Horcoff in RedWings zone.
3:18 of 1st period - Snap shot by Mats Zuccarello.
3:18 of 1st period - Stopped by Jonas Hiller without a rebound.
3:19 of 1st period - Peter Holland wins face-off versus Chris VandeVelde in RedWings zone.
3:20 of 1st period - Wrist shot by Mats Zuccarello.
3:20 of 1st period - Shot Blocked by John-Michael Liles.
3:22 of 1st period - Slapshot by Justin Braun.
3:22 of 1st period - Shot Blocked by Zbynek Michalek.
3:24 of 1st period - Snap shot by Mats Zuccarello.
3:24 of 1st period - Stopped by Jonas Hiller with a rebound.
3:46 of 1st period - Snap shot by Devante Smith-Pelly.
3:46 of 1st period - Shot Blocked by Peter Holland.
4:16 of 1st period - TJ Galiardi is hit by Justin Braun and loses puck.
4:27 of 1st period - Snap shot by Pavel Datsyuk.
4:27 of 1st period - Stopped by Jonas Hiller with a rebound.
4:29 of 1st period - Minor Penalty to Steve Downie for Hooking.
4:30 of 1st period - Shane Doan wins face-off versus Nazem Kadri in RedWings zone.
4:43 of 1st period - Slapshot by Nazem Kadri.
4:43 of 1st period - Deflect By Clarke MacArthur.
4:43 of 1st period - Shot Blocked by Eric Gryba.
4:43 of 1st period - Puck is out of play.
4:44 of 1st period - Nazem Kadri wins face-off versus Shane Doan in RedWings zone.
5:02 of 1st period - Slapshot by Andrei Markov.
5:02 of 1st period - Deflect By Brendan Gallagher.
5:02 of 1st period - Shot Misses the Net.
5:02 of 1st period - Puck is out of play.
5:03 of 1st period - Pavel Datsyuk wins face-off versus Shane Doan in RedWings zone.
5:18 of 1st period - Snap shot by Pavel Datsyuk.
5:18 of 1st period - Shot Misses the Net.
5:20 of 1st period - Slapshot by Andrei Markov.
5:20 of 1st period - Stopped by Jonas Hiller without a rebound.
5:20 of 1st period - Minor Penalty to Jonas Hiller for Delaying the game.
5:21 of 1st period - Pavel Datsyuk wins face-off versus Chris VandeVelde in RedWings zone.
5:22 of 1st period - Snap shot by Joel Ward.
5:22 of 1st period - Stopped by Jonas Hiller with a rebound.
5:24 of 1st period - Slapshot by Andrei Markov.
5:24 of 1st period - Shot Blocked by Aaron Ekblad.
5:26 of 1st period - Slapshot by Jack Johnson.
5:26 of 1st period - Deflect By Derick Brassard.
5:26 of 1st period - Shot Blocked by Nick Leddy.
5:26 of 1st period - Nick Leddy from RedWings is injured at 5:26 of 1st period (Bruised Right Leg).
5:27 of 1st period - Derick Brassard wins face-off versus Chris VandeVelde in RedWings zone.
5:30 of 1st period - Slapshot by Pavel Datsyuk.
5:30 of 1st period - Stopped by Jonas Hiller with a rebound.
5:32 of 1st period - Slapshot by Jack Johnson.
5:32 of 1st period - Shot Misses the Net.
5:34 of 1st period - Slapshot by Andrei Markov.
5:34 of 1st period - Goal by Andrei Markov - Canucks : 1 - RedWings : 1.
5:35 of 1st period - Pavel Datsyuk wins face-off versus Chris VandeVelde in neutral zone.
5:37 of 1st period - Off-side.
5:38 of 1st period - Pavel Datsyuk wins face-off versus Chris VandeVelde in neutral zone.
5:41 of 1st period - Aaron Ekblad is hit by Derick Brassard and loses puck.
5:57 of 1st period - Wrist shot by Derick Brassard.
5:57 of 1st period - Goal by Derick Brassard - Canucks : 2 - RedWings : 1.
5:58 of 1st period - Derick Brassard wins face-off versus Shawn Horcoff in neutral zone.
6:22 of 1st period - Snap shot by Milan Michalek.
6:22 of 1st period - Stopped by Ben Bishop with a rebound.
6:32 of 1st period - Wrist shot by Milan Michalek.
6:32 of 1st period - Shot Misses the Net.
6:34 of 1st period - Wrist shot by Shane Doan.
6:34 of 1st period - Shot Misses the Net.
6:46 of 1st period - Patrick Sharp is hit by Jack Johnson and loses puck.
7:01 of 1st period - Willie Mitchell is hit by Martin Erat and loses puck.
7:56 of 1st period - Alexander Edler is hit by Tomas Kopecky and loses puck.
8:42 of 1st period - Wrist shot by Mats Zuccarello.
8:42 of 1st period - Shot Misses the Net.
8:44 of 1st period - Slapshot by Christopher Tanev.
8:44 of 1st period - Stopped by Jonas Hiller with a rebound.
8:56 of 1st period - Eric Gryba is hit by Antoine Roussel and loses puck.
9:12 of 1st period - Icing by Eric Gryba.
9:13 of 1st period - Pavel Datsyuk wins face-off versus Steve Downie in RedWings zone.
9:15 of 1st period - Minor Penalty to Pavel Datsyuk for Hooking.
9:16 of 1st period - Mark Letestu wins face-off versus Antoine Roussel in Canucks zone.
9:36 of 1st period - Wrist shot by Martin Erat.
9:36 of 1st period - Goal by Martin Erat - Canucks : 2 - RedWings : 2.
9:37 of 1st period - Pavel Datsyuk wins face-off versus Mark Letestu in neutral zone.
9:55 of 1st period - Mark Letestu is hit by Jack Johnson and loses puck.
10:04 of 1st period - Backhand shot by Patrick Sharp.
10:04 of 1st period - Shot Misses the Net.
10:06 of 1st period - Snap shot by Mark Letestu.
10:06 of 1st period - Shot Blocked by Andrei Markov.
10:08 of 1st period - Snap shot by Mark Letestu.
10:08 of 1st period - Stopped by Ben Bishop without a rebound.
10:09 of 1st period - Shawn Horcoff wins face-off versus Nazem Kadri in Canucks zone.
10:26 of 1st period - Slapshot by Milan Michalek.
10:26 of 1st period - Stopped by Ben Bishop with a rebound.
10:28 of 1st period - Snap shot by Shawn Horcoff.
10:28 of 1st period - Stopped by Ben Bishop with a rebound.
11:54 of 1st period - Christopher Tanev is hit by Paul Postma and loses puck.
13:00 of 1st period - Shane Doan is hit by Pavel Datsyuk.
13:45 of 1st period - Minor Penalty to Jack Johnson for Charging.
13:46 of 1st period - Pavel Datsyuk wins face-off versus Mark Letestu in Canucks zone.
14:12 of 1st period - Wrist shot by Martin Erat.
14:12 of 1st period - Stopped by Ben Bishop without a rebound.
14:13 of 1st period - Shawn Horcoff wins face-off versus Pavel Datsyuk in Canucks zone.
14:18 of 1st period - Snap shot by Shane Doan.
14:18 of 1st period - Goal by Shane Doan - Canucks : 2 - RedWings : 3.
14:19 of 1st period - Nazem Kadri wins face-off versus Mark Letestu in neutral zone.
14:40 of 1st period - Wrist shot by Brendan Gallagher.
14:40 of 1st period - Shot Blocked by Zbynek Michalek.
15:18 of 1st period - Wrist shot by Joakim Andersson.
15:18 of 1st period - Shot Misses the Net.
15:24 of 1st period - Slapshot by Joakim Andersson.
15:24 of 1st period - Stopped by Jonas Hiller with a rebound.
15:26 of 1st period - Wrist shot by Peter Holland.
15:26 of 1st period - Stopped by Jonas Hiller with a rebound.
15:28 of 1st period - Slapshot by Willie Mitchell.
15:28 of 1st period - Stopped by Jonas Hiller with a rebound.
15:30 of 1st period - Slapshot by Alexander Edler.
15:30 of 1st period - Shot Misses the Net.
15:46 of 1st period - Alexander Edler is hit by Chris VandeVelde and loses puck.
16:03 of 1st period - Wrist shot by Pavel Datsyuk.
16:03 of 1st period - Shot Blocked by Eric Gryba.
16:05 of 1st period - Wrist shot by Joel Ward.
16:05 of 1st period - Shot Misses the Net.
16:07 of 1st period - Slapshot by Christopher Tanev.
16:07 of 1st period - Stopped by Jonas Hiller with a rebound.
16:09 of 1st period - Slapshot by Justin Braun.
16:09 of 1st period - Stopped by Jonas Hiller with a rebound.
17:08 of 1st period - Backhand shot by Martin Erat.
17:08 of 1st period - Deflect By Mark Letestu.
17:08 of 1st period - Stopped by Ben Bishop without a rebound.
17:09 of 1st period - Peter Holland wins face-off versus Shane Doan in Canucks zone.
17:09 of 1st period - Peter Holland is hit by Steve Downie.
17:18 of 1st period - Icing by Jack Johnson.
17:19 of 1st period - Peter Holland wins face-off versus Shane Doan in Canucks zone.
17:19 of 1st period - Peter Holland is hit by Steve Downie.
17:31 of 1st period - Slapshot by Andrei Markov.
17:31 of 1st period - Shot Misses the Net.
17:44 of 1st period - Minor Penalty to Steve Downie for Slashing.
17:45 of 1st period - Nazem Kadri wins face-off versus Shane Doan in RedWings zone.
19:44 of 1st period - Penalty to Steve Downie is over, Steve Downie is back on ice.
Goals for this period are 2 for Canucks vs 3 for RedWings.
Shots for this period are 15 for Canucks vs 15 for RedWings.

2nd period


0:01 of 2nd period - Shawn Horcoff wins face-off versus Pavel Datsyuk in neutral zone.
1:08 of 2nd period - Willie Mitchell is hit by Patrick Sharp and loses puck.
1:12 of 2nd period - Icing by Brendan Gallagher.
1:13 of 2nd period - Nazem Kadri wins face-off versus Devante Smith-Pelly in Canucks zone.
1:13 of 2nd period - Nazem Kadri is hit by Chris VandeVelde.
2:01 of 2nd period - Peter Holland is hit by Shane Doan and loses puck.
2:54 of 2nd period - Wrist shot by Martin Erat.
2:54 of 2nd period - Shot Blocked by Justin Braun.
3:30 of 2nd period - Christopher Tanev is hit by Eric Gryba and loses puck.
3:55 of 2nd period - Minor Penalty to Tomas Kopecky for Roughing.
3:56 of 2nd period - Nazem Kadri wins face-off versus Shane Doan in RedWings zone.
4:09 of 2nd period - Snap shot by Nazem Kadri.
4:09 of 2nd period - Deflect By Clarke MacArthur.
4:09 of 2nd period - Shot Blocked by John-Michael Liles.
4:09 of 2nd period - Puck is out of play.
4:10 of 2nd period - Nazem Kadri wins face-off versus Shane Doan in RedWings zone.
5:01 of 2nd period - Chris VandeVelde is hit by Andrei Markov and loses puck.
5:26 of 2nd period - Snap shot by Nazem Kadri.
5:26 of 2nd period - Goal by Nazem Kadri - Canucks : 3 - RedWings : 3.
5:27 of 2nd period - Peter Holland wins face-off versus Mark Letestu in neutral zone.
5:29 of 2nd period - Off-side.
5:30 of 2nd period - Mark Letestu wins face-off versus Peter Holland in neutral zone.
5:50 of 2nd period - Minor Penalty to Martin Erat for Holding.
5:51 of 2nd period - Pavel Datsyuk wins face-off versus Shane Doan in RedWings zone.
5:51 of 2nd period - Snap shot by Derick Brassard.
5:51 of 2nd period - Shot Misses the Net.
5:53 of 2nd period - Minor Penalty to Derick Brassard for Hooking.
5:54 of 2nd period - Pavel Datsyuk wins face-off versus Shane Doan in Canucks zone.
6:17 of 2nd period - Wrist shot by Shane Doan.
6:17 of 2nd period - Stopped by Ben Bishop with a rebound.
6:19 of 2nd period - Snap shot by Milan Michalek.
6:19 of 2nd period - Shot Misses the Net.
6:21 of 2nd period - Wrist shot by Shane Doan.
6:21 of 2nd period - Stopped by Ben Bishop with a rebound.
6:23 of 2nd period - Slapshot by Shane Doan.
6:23 of 2nd period - Stopped by Ben Bishop with a rebound.
6:45 of 2nd period - Backhand shot by Pavel Datsyuk.
6:45 of 2nd period - Stopped by Jonas Hiller without a rebound.
6:46 of 2nd period - Pavel Datsyuk wins face-off versus Shane Doan in RedWings zone.
7:17 of 2nd period - Snap shot by Mats Zuccarello.
7:17 of 2nd period - Stopped by Jonas Hiller with a rebound.
7:19 of 2nd period - Slapshot by Alexander Edler.
7:19 of 2nd period - Shot Hit the Post.
7:50 of 2nd period - Penalty to Martin Erat is over, Martin Erat is back on ice.
7:52 of 2nd period - Aaron Ekblad is hit by Antoine Roussel and loses puck.
7:53 of 2nd period - Penalty to Derick Brassard is over, Derick Brassard is back on ice.
8:37 of 2nd period - Alexander Edler is hit by Zbynek Michalek and loses puck.
8:50 of 2nd period - Slapshot by Aaron Ekblad.
8:50 of 2nd period - Stopped by Ben Bishop with a rebound.
8:52 of 2nd period - Wrist shot by Tomas Kopecky.
8:52 of 2nd period - Deflect By Devante Smith-Pelly.
8:52 of 2nd period - Stopped by Ben Bishop with a rebound.
9:55 of 2nd period - Paul Postma is hit by Nazem Kadri and loses puck.
10:30 of 2nd period - Minor Penalty to Martin Erat for Cross-checking.
10:31 of 2nd period - Shane Doan wins face-off versus Nazem Kadri in RedWings zone.
10:40 of 2nd period - Milan Michalek is hit by Andrei Markov and loses puck.
11:33 of 2nd period - Slapshot by Nazem Kadri.
11:33 of 2nd period - Goal by Nazem Kadri - Canucks : 4 - RedWings : 3.
11:34 of 2nd period - Peter Holland wins face-off versus Tomas Kopecky in neutral zone.
12:36 of 2nd period - TJ Galiardi is hit by Justin Braun and loses puck.
12:43 of 2nd period - Snap shot by Antoine Roussel.
12:43 of 2nd period - Stopped by Jonas Hiller without a rebound.
12:44 of 2nd period - Brendan Gallagher wins face-off versus Mark Letestu in RedWings zone.
12:52 of 2nd period - Minor Penalty to Martin Erat for Roughing.
12:53 of 2nd period - Shane Doan wins face-off versus Pavel Datsyuk in RedWings zone.
13:17 of 2nd period - Andrei Markov is hit by Shane Doan and loses puck.
14:03 of 2nd period - Shawn Horcoff is hit by Nazem Kadri.
14:47 of 2nd period - Snap shot by Nazem Kadri.
14:47 of 2nd period - Shot Misses the Net.
14:52 of 2nd period - Penalty to Martin Erat is over, Martin Erat is back on ice.
15:18 of 2nd period - Minor Penalty to Justin Braun for Hooking.
15:19 of 2nd period - Mark Letestu wins face-off versus Pavel Datsyuk in Canucks zone.
15:35 of 2nd period - Off-side.
15:36 of 2nd period - Mark Letestu wins face-off versus Pavel Datsyuk in neutral zone.
15:38 of 2nd period - Off-side.
15:39 of 2nd period - Mark Letestu wins face-off versus Pavel Datsyuk in neutral zone.
15:56 of 2nd period - Slapshot by Patrick Sharp.
15:56 of 2nd period - Stopped by Ben Bishop with a rebound.
15:58 of 2nd period - Backhand shot by Zbynek Michalek.
15:58 of 2nd period - Shot Blocked by Jack Johnson.
16:00 of 2nd period - Wrist shot by Mark Letestu.
16:00 of 2nd period - Goal by Mark Letestu - Canucks : 4 - RedWings : 4.
16:01 of 2nd period - Nazem Kadri wins face-off versus Shane Doan in neutral zone.
16:27 of 2nd period - Snap shot by Nazem Kadri.
16:27 of 2nd period - Stopped by Jonas Hiller with a rebound.
16:29 of 2nd period - Slapshot by Jack Johnson.
16:29 of 2nd period - Shot Blocked by Aaron Ekblad.
16:31 of 2nd period - Wrist shot by Nazem Kadri.
16:31 of 2nd period - Stopped by Jonas Hiller with a rebound.
17:06 of 2nd period - Backhand shot by Mats Zuccarello.
17:06 of 2nd period - Shot Blocked by Shane Doan.
18:20 of 2nd period - Christopher Tanev is hit by Devante Smith-Pelly and loses puck.
18:43 of 2nd period - Wrist shot by Patrick Sharp.
18:43 of 2nd period - Shot Blocked by Jack Johnson.
18:55 of 2nd period - Snap shot by Patrick Sharp.
18:55 of 2nd period - Shot Misses the Net.
18:57 of 2nd period - Snap shot by Mark Letestu.
18:57 of 2nd period - Stopped by Ben Bishop with a rebound.
18:59 of 2nd period - Slapshot by Mark Letestu.
18:59 of 2nd period - Stopped by Ben Bishop without a rebound.
19:00 of 2nd period - Shawn Horcoff wins face-off versus Peter Holland in Canucks zone.
19:09 of 2nd period - Wrist shot by Shane Doan.
19:09 of 2nd period - Stopped by Ben Bishop without a rebound.
19:10 of 2nd period - Peter Holland wins face-off versus Shawn Horcoff in Canucks zone.
Goals for this period are 2 for Canucks vs 1 for RedWings.
Shots for this period are 7 for Canucks vs 10 for RedWings.

3rd period


0:01 of 3rd period - Shawn Horcoff wins face-off versus Pavel Datsyuk in neutral zone.
0:20 of 3rd period - Snap shot by Milan Michalek.
0:20 of 3rd period - Shot Misses the Net.
0:48 of 3rd period - Devante Smith-Pelly is hit by Andrei Markov and loses puck.
2:32 of 3rd period - Snap shot by Pavel Datsyuk.
2:32 of 3rd period - Shot Blocked by Mark Letestu.
2:56 of 3rd period - Jack Johnson is hit by Eric Gryba and loses puck.
3:17 of 3rd period - Shawn Horcoff is hit by Jack Johnson and loses puck.
4:10 of 3rd period - Christopher Tanev is hit by Devante Smith-Pelly.
4:25 of 3rd period - Justin Braun is hit by Aaron Ekblad and loses puck.
5:02 of 3rd period - Slapshot by Aaron Ekblad.
5:02 of 3rd period - Shot Misses the Net.
5:44 of 3rd period - Slapshot by Mats Zuccarello.
5:44 of 3rd period - Stopped by Jonas Hiller with a rebound.
5:46 of 3rd period - Slapshot by Andrei Markov.
5:46 of 3rd period - Stopped by Jonas Hiller with a rebound.
5:48 of 3rd period - Slapshot by Jack Johnson.
5:48 of 3rd period - Shot Blocked by Zbynek Michalek.
6:18 of 3rd period - Willie Mitchell is hit by Paul Postma and loses puck.
6:24 of 3rd period - Icing by Alexander Edler.
6:25 of 3rd period - Nazem Kadri wins face-off versus Shawn Horcoff in Canucks zone.
7:37 of 3rd period - Slapshot by Aaron Ekblad.
7:37 of 3rd period - Shot Misses the Net.
7:39 of 3rd period - Slapshot by Eric Gryba.
7:39 of 3rd period - Deflect By Andrei Markov.
7:39 of 3rd period - Stopped by Ben Bishop without a rebound.
7:40 of 3rd period - Devante Smith-Pelly wins face-off versus Jay Beagle in Canucks zone.
7:49 of 3rd period - Minor Penalty to Pavel Datsyuk for Roughing.
7:50 of 3rd period - Shawn Horcoff wins face-off versus Antoine Roussel in Canucks zone.
8:13 of 3rd period - Alexander Edler is hit by Shane Doan and loses puck.
8:30 of 3rd period - Snap shot by Martin Erat.
8:30 of 3rd period - Shot Misses the Net.
8:32 of 3rd period - Slapshot by Zbynek Michalek.
8:32 of 3rd period - Shot Blocked by Willie Mitchell.
8:34 of 3rd period - Wrist shot by John-Michael Liles.
8:34 of 3rd period - Stopped by Ben Bishop with a rebound.
8:36 of 3rd period - Slapshot by Zbynek Michalek.
8:36 of 3rd period - Deflect By Martin Erat.
8:36 of 3rd period - Stopped by Ben Bishop with a rebound.
8:38 of 3rd period - Slapshot by Aaron Ekblad.
8:38 of 3rd period - Shot Blocked by Willie Mitchell.
8:40 of 3rd period - Slapshot by Aaron Ekblad.
8:40 of 3rd period - Shot Blocked by Willie Mitchell.
9:18 of 3rd period - Willie Mitchell is hit by Martin Erat and loses puck.
9:31 of 3rd period - Alexander Edler is hit by Alexei Emelin and loses puck.
9:49 of 3rd period - Penalty to Pavel Datsyuk is over, Pavel Datsyuk is back on ice.
10:02 of 3rd period - Wrist shot by Nazem Kadri.
10:02 of 3rd period - Stopped by Jonas Hiller with a rebound.
10:04 of 3rd period - Slapshot by Andrei Markov.
10:04 of 3rd period - Deflect By Brendan Gallagher.
10:04 of 3rd period - Shot Hit the Post.
10:04 of 3rd period - Puck is out of play.
10:05 of 3rd period - Devante Smith-Pelly wins face-off versus Nazem Kadri in RedWings zone.
10:24 of 3rd period - Snap shot by Brendan Gallagher.
10:24 of 3rd period - Shot Misses the Net.
10:26 of 3rd period - Slapshot by Jack Johnson.
10:26 of 3rd period - Stopped by Jonas Hiller with a rebound.
10:28 of 3rd period - Snap shot by Jack Johnson.
10:28 of 3rd period - Deflect By Clarke MacArthur.
10:28 of 3rd period - Shot Misses the Net.
10:28 of 3rd period - Puck is out of play.
10:29 of 3rd period - Shane Doan wins face-off versus Peter Holland in RedWings zone.
10:29 of 3rd period - Shane Doan is hit by Peter Holland.
11:09 of 3rd period - Slapshot by Martin Erat.
11:09 of 3rd period - Shot Misses the Net.
11:24 of 3rd period - Minor Penalty to John-Michael Liles for Boarding.
11:25 of 3rd period - Shane Doan wins face-off versus Nazem Kadri in RedWings zone.
11:58 of 3rd period - Slapshot by Nazem Kadri.
11:58 of 3rd period - Shot Misses the Net.
12:18 of 3rd period - Alexei Emelin is hit by Andrei Markov and loses puck.
12:47 of 3rd period - Slapshot by Nazem Kadri.
12:47 of 3rd period - Stopped by Jonas Hiller with a rebound.
13:07 of 3rd period - Snap shot by Pavel Datsyuk.
13:07 of 3rd period - Shot Misses the Net.
13:09 of 3rd period - Snap shot by Willie Mitchell.
13:09 of 3rd period - Shot Blocked by Milan Michalek.
13:24 of 3rd period - Penalty to John-Michael Liles is over, John-Michael Liles is back on ice.
13:25 of 3rd period - Slapshot by Nazem Kadri.
13:25 of 3rd period - Stopped by Jonas Hiller without a rebound.
13:26 of 3rd period - Mark Letestu wins face-off versus Nazem Kadri in RedWings zone.
13:26 of 3rd period - Mark Letestu is hit by Nazem Kadri.
13:57 of 3rd period - Zbynek Michalek is hit by Peter Holland and loses puck.
14:08 of 3rd period - Minor Penalty to Peter Holland for Tripping.
14:09 of 3rd period - Shawn Horcoff wins face-off versus Pavel Datsyuk in Canucks zone.
14:20 of 3rd period - Snap shot by Shane Doan.
14:20 of 3rd period - Stopped by Ben Bishop with a rebound.
14:48 of 3rd period - Alexander Edler is hit by John-Michael Liles and loses puck.
15:11 of 3rd period - Snap shot by Shane Doan.
15:11 of 3rd period - Stopped by Ben Bishop with a rebound.
15:55 of 3rd period - Slapshot by Shawn Horcoff.
15:55 of 3rd period - Deflect By Devante Smith-Pelly.
15:55 of 3rd period - Shot Misses the Net.
15:55 of 3rd period - Puck is out of play.
15:56 of 3rd period - Shawn Horcoff wins face-off versus Nazem Kadri in Canucks zone.
16:08 of 3rd period - Penalty to Peter Holland is over, Peter Holland is back on ice.
16:21 of 3rd period - Snap shot by Nazem Kadri.
16:21 of 3rd period - Shot Blocked by Mark Letestu.
16:23 of 3rd period - Slapshot by Willie Mitchell.
16:23 of 3rd period - Shot Blocked by Eric Gryba.
16:25 of 3rd period - Snap shot by Alexander Edler.
16:25 of 3rd period - Shot Hit the Post.
16:27 of 3rd period - Wrist shot by Alexander Edler.
16:27 of 3rd period - Shot Misses the Net.
16:29 of 3rd period - Slapshot by Alexander Edler.
16:29 of 3rd period - Shot Misses the Net.
16:31 of 3rd period - Slapshot by Willie Mitchell.
16:31 of 3rd period - Stopped by Jonas Hiller with a rebound.
16:53 of 3rd period - Slapshot by Peter Holland.
16:53 of 3rd period - Shot Misses the Net.
16:55 of 3rd period - Slapshot by Christopher Tanev.
16:55 of 3rd period - Shot Misses the Net.
16:57 of 3rd period - Slapshot by Justin Braun.
16:57 of 3rd period - Deflect By Mats Zuccarello.
16:57 of 3rd period - Stopped by Jonas Hiller without a rebound.
16:58 of 3rd period - Devante Smith-Pelly wins face-off versus Peter Holland in RedWings zone.
17:33 of 3rd period - Wrist shot by Devante Smith-Pelly.
17:33 of 3rd period - Stopped by Ben Bishop with a rebound.
18:19 of 3rd period - Joel Ward is hit by Steve Downie and loses puck.
18:29 of 3rd period - Off-side.
18:30 of 3rd period - Pavel Datsyuk wins face-off versus Shane Doan in neutral zone.
Goals for this period are 0 for Canucks vs 0 for RedWings.
Shots for this period are 8 for Canucks vs 6 for RedWings.

Overtime #1


0:01 of 1st overtime period - Pavel Datsyuk wins face-off versus Shane Doan in neutral zone.
0:19 of 1st overtime period - Slapshot by Milan Michalek.
0:19 of 1st overtime period - Shot Misses the Net.
0:21 of 1st overtime period - Backhand shot by Aaron Ekblad.
0:21 of 1st overtime period - Stopped by Ben Bishop without a rebound.
0:22 of 1st overtime period - Pavel Datsyuk wins face-off versus Shane Doan in Canucks zone.
1:05 of 1st overtime period - Pavel Datsyuk is hit by Paul Postma and loses puck.
1:06 of 1st overtime period - Pavel Datsyuk from Canucks is injured at 1:06 of 1st overtime period (Lower Body).
1:07 of 1st overtime period - Shane Doan wins face-off versus Mats Zuccarello in Canucks zone.
1:08 of 1st overtime period - Wrist shot by Milan Michalek.
1:08 of 1st overtime period - Shot Misses the Net.
1:18 of 1st overtime period - Shane Doan is hit by Derick Brassard and loses puck.
1:37 of 1st overtime period - Backhand shot by Milan Michalek.
1:37 of 1st overtime period - Shot Blocked by Jack Johnson.
1:39 of 1st overtime period - Slapshot by Aaron Ekblad.
1:39 of 1st overtime period - Shot Blocked by Mats Zuccarello.
1:59 of 1st overtime period - Paul Postma is hit by Mats Zuccarello and loses puck.
2:14 of 1st overtime period - Off-side.
2:15 of 1st overtime period - Shane Doan wins face-off versus Antoine Roussel in neutral zone.
4:10 of 1st overtime period - Slapshot by Paul Postma.
4:10 of 1st overtime period - Deflect By Jack Johnson.
4:10 of 1st overtime period - Stopped by Ben Bishop without a rebound.
4:11 of 1st overtime period - Shane Doan wins face-off versus Mats Zuccarello in Canucks zone.
4:16 of 1st overtime period - Wrist shot by Shane Doan.
4:16 of 1st overtime period - Deflect By Milan Michalek.
4:16 of 1st overtime period - Shot Misses the Net.
4:16 of 1st overtime period - Puck is out of play.
4:17 of 1st overtime period - Mats Zuccarello wins face-off versus Shane Doan in Canucks zone.
4:58 of 1st overtime period - Alexander Edler is hit by Patrick Sharp and loses puck.
Goals for this period are 0 for Canucks vs 0 for RedWings.
Shots for this period are 0 for Canucks vs 2 for RedWings.

ShootOut


5:00 of 1st overtime period - Penalty Shot by Antoine Roussel for Canucks.
5:00 of 1st overtime period - Wrist shot by Antoine Roussel.
5:00 of 1st overtime period - Stopped by Jonas Hiller.
5:00 of 1st overtime period - Penalty Shot by Shane Doan for RedWings.
5:00 of 1st overtime period - Wrist shot by Shane Doan.
5:00 of 1st overtime period - Stopped by Ben Bishop.
5:00 of 1st overtime period - Penalty Shot by Derick Brassard for Canucks.
5:00 of 1st overtime period - Wrist shot by Derick Brassard.
5:00 of 1st overtime period - Shot Misses the Net.
5:00 of 1st overtime period - Penalty Shot by Milan Michalek for RedWings.
5:00 of 1st overtime period - Snap shot by Milan Michalek.
5:00 of 1st overtime period - Shot Misses the Net.
5:00 of 1st overtime period - Penalty Shot by Nazem Kadri for Canucks.
5:00 of 1st overtime period - Deke by Nazem Kadri.
5:00 of 1st overtime period - Stopped by Jonas Hiller.
5:00 of 1st overtime period - Penalty Shot by Patrick Sharp for RedWings.
5:00 of 1st overtime period - Snap shot by Patrick Sharp.
5:00 of 1st overtime period - Stopped by Ben Bishop.
5:00 of 1st overtime period - Penalty Shot by Clarke MacArthur for Canucks.
5:00 of 1st overtime period - Backhand shot by Clarke MacArthur.
5:00 of 1st overtime period - Stopped by Jonas Hiller.
5:00 of 1st overtime period - Penalty Shot by Shawn Horcoff for RedWings.
5:00 of 1st overtime period - Deke by Shawn Horcoff.
5:00 of 1st overtime period - Stopped by Ben Bishop.
5:00 of 1st overtime period - Penalty Shot by Joel Ward for Canucks.
5:00 of 1st overtime period - Wrist shot by Joel Ward.
5:00 of 1st overtime period - Shot Misses the Net.
5:00 of 1st overtime period - Penalty Shot by Martin Erat for RedWings.
5:00 of 1st overtime period - Deke by Martin Erat.
5:00 of 1st overtime period - Stopped by Ben Bishop.
5:00 of 1st overtime period - Penalty Shot by Mats Zuccarello for Canucks.
5:00 of 1st overtime period - Backhand shot by Mats Zuccarello.
5:00 of 1st overtime period - Stopped by Jonas Hiller.
5:00 of 1st overtime period - Penalty Shot by Devante Smith-Pelly for RedWings.
5:00 of 1st overtime period - Backhand shot by Devante Smith-Pelly.
5:00 of 1st overtime period - Stopped by Ben Bishop.
5:00 of 1st overtime period - Penalty Shot by Andrei Markov for Canucks.
5:00 of 1st overtime period - Backhand shot by Andrei Markov.
5:00 of 1st overtime period - Goal by Andrei Markov.
5:00 of 1st overtime period - Penalty Shot by John-Michael Liles for RedWings.
5:00 of 1st overtime period - Wrist shot by John-Michael Liles.
5:00 of 1st overtime period - Goal by John-Michael Liles.
5:00 of 1st overtime period - Penalty Shot by Peter Holland for Canucks.
5:00 of 1st overtime period - Backhand shot by Peter Holland.
5:00 of 1st overtime period - Shot Hit the Post.
5:00 of 1st overtime period - Penalty Shot by Mark Letestu for RedWings.
5:00 of 1st overtime period - Wrist shot by Mark Letestu.
5:00 of 1st overtime period - Goal by Mark Letestu.